TOP OF THE 1ST |
Detroit X-Wings batting - Pitching for Richmond Flairs : RHP Sandro Gonzáles
|
Pitching: RHP Sandro Gonzáles
|
|
Batting: RHB Brad Ravenshaw
|
0-0: Ball 1-0: Ground out 5-3 (Groundball, 5)
|
Batting: SHB Jason Mason
|
0-0: Called Strike 0-1: SINGLE (Groundball, 6MD)
|
Batting: RHB Griswold Coleman
|
0-0: Ball 1-0: 2-RUN HOME RUN (Line Drive, 7LD), Distance : 342 ft
|
Batting: SHB Barrett Bowden
|
0-0: Ball 1-0: Called Strike 1-1: Called Strike 1-2: Ball 2-2: Foul Ball, location: 2F 2-2: Fly out, F4 (Line Drive, 4M)
|
Batting: LHB Juan Jose Pineda
|
0-0: Ball 1-0: Called Strike 1-1: Ball 2-1: Called Strike 2-2: Foul Ball, location: 2F 2-2: Reaches on Catchers interference
|
Batting: RHB Raúl Flores
|
0-0: Ball 1-0: Ground out 4-3 (Groundball, 4MS)
|
Top of the 1st over - 2 runs, 2 hits, 1 error, 1 left on base; Detroit 2 - Richmond 0 |
BOTTOM OF THE 1ST |
Richmond Flairs batting - Pitching for Detroit X-Wings : RHP Júlio Ruíz
|
Pitching: RHP Júlio Ruíz
|
|
Batting: RHB Lonson Seals
|
0-0: SINGLE (Groundball, 56D)
|
Batting: RHB Jack Ray
|
0-0: Foul Ball, location: 2F 0-1: Ball 1-1: Ball 2-1: Ball 3-1: Base on Balls Lonson Seals to second
|
Batting: LHB Luis Villa
|
0-0: Swinging Strike 0-1: Fly out, F7 (Flyball, 7D) Runner from 2nd tags up, SAFE at 3rd, no throw
|
Batting: LHB Sean Nicks
|
0-0: Ball 1-0: Called Strike 1-1: Ball 2-1: Ball 3-1: Base on Balls Jack Ray to second
|
Batting: LHB Roland Jones
|
0-0: Called Strike 0-1: Called Strike 0-2: Ball 1-2: Ball 2-2: Foul Ball, location: 2F 2-2: Fly out, F7 (Flyball, 7)
|
Batting: RHB Miguel Hernández
|
0-0: Ball 1-0: Ball 2-0: Ball 3-0: Base on Balls Lonson Seals scores Jack Ray to third Sean Nicks to second
|
Batting: LHB R.J. Courtney
|
0-0: Ball 1-0: Ground out U3 (Groundball, 3)
|
Bottom of the 1st over - 1 run, 1 hit, 0 errors, 3 left on base; Detroit 2 - Richmond 1 |
TOP OF THE 2ND |
Detroit X-Wings batting - Pitching for Richmond Flairs : RHP Sandro Gonzáles
|
Batting: LHB Paul Alston
|
0-0: Called Strike 0-1: Ground out 1-3 (Groundball, 13)
|
Batting: RHB José Pérez
|
0-0: Ball 1-0: Fly out, F9 (Flyball, 89M)
|
Batting: RHB José Rosales
|
0-0: Foul Ball, location: 2F 0-1: Fly out, F9 (Flyball, 89S)
|
Top of the 2nd over - 0 runs, 0 hits, 0 errors, 0 left on base; Detroit 2 - Richmond 1 |
BOTTOM OF THE 2ND |
Richmond Flairs batting - Pitching for Detroit X-Wings : RHP Júlio Ruíz
|
Batting: RHB Christian Hudson
|
0-0: Ball 1-0: Foul Ball, location: 2F 1-1: Foul Ball, location: 2F 1-2: Ball 2-2: Ball 3-2: Base on Balls
|
Batting: RHB Alejandro Ramos
|
0-0: Called Strike 0-1: Swinging Strike 0-2: Ball 1-2: Grounds into double play, 4-6-3 (Groundball, 4)
|
Batting: RHB Lonson Seals
|
0-0: Ball 1-0: Ball 2-0: Ball 3-0: Base on Balls
|
Batting: RHB Jack Ray
|
0-0: Ball Lonson Seals steals 2nd base 1-0: Foul Ball, location: 2F 1-1: Called Strike 1-2: Foul Ball, location: 2F 1-2: SINGLE (Groundball, 34D) Lonson Seals to third Runner from 3rd tries for Home, SAFE, no throw
|
Batting: LHB Luis Villa
|
0-0: SINGLE (Line Drive, 9LS) Jack Ray to second
|
Batting: LHB Sean Nicks
|
0-0: Foul Ball, location: 2F 0-1: Foul Ball, location: 2F 0-2: Ball 1-2: Foul Ball, location: 2F 1-2: Ball 2-2: Foul Ball, location: 2F 2-2: Hit by Pitch Jack Ray to third Luis Villa to second
|
Batting: LHB Roland Jones
|
0-0: Ball 1-0: Swinging Strike 1-1: GRAND SLAM HOME RUN (Line Drive, 9LD), Distance : 326 ft
|
Batting: RHB Miguel Hernández
|
0-0: Ground out 6-3 (Groundball, 6)
|
Bottom of the 2nd over - 5 runs, 3 hits, 0 errors, 0 left on base; Detroit 2 - Richmond 6 |
TOP OF THE 3RD |
Detroit X-Wings batting - Pitching for Richmond Flairs : RHP Sandro Gonzáles
|
Batting: RHB Brad Ravenshaw
|
0-0: Ball 1-0: Ball 2-0: Ball 3-0: Called Strike 3-1: Ground out 6-3 (Groundball, 6)
|
Batting: SHB Jason Mason
|
0-0: Called Strike 0-1: Ball 1-1: Foul Ball, location: 2F 1-2: SINGLE (Groundball, 34D)
|
Batting: RHB Griswold Coleman
|
0-0: Ball Jason Mason steals 2nd base 1-0: Swinging Strike 1-1: Ball 2-1: Ball 3-1: Fly out, F8 (Flyball, 8LM)
|
Batting: SHB Barrett Bowden
|
0-0: Ball 1-0: Ground out 4-3 (Groundball, 4)
|
Top of the 3rd over - 0 runs, 1 hit, 0 errors, 1 left on base; Detroit 2 - Richmond 6 |
BOTTOM OF THE 3RD |
Richmond Flairs batting - Pitching for Detroit X-Wings : RHP Júlio Ruíz
|
Batting: LHB R.J. Courtney
|
0-0: Foul Ball, location: 2F 0-1: Foul Ball, location: 2F 0-2: Foul Ball, location: 2F 0-2: Foul Ball, location: 2F 0-2: Ball 1-2: Foul Ball, location: 2F 1-2: Foul Ball, location: 2F 1-2: Foul Ball, location: 2F 1-2: Ball 2-2: Reached on error, E3 (Groundball, 3)
|
Batting: RHB Christian Hudson
|
0-0: Ball 1-0: Grounds into double play, 5-4-3 (Groundball, 5L)
|
Batting: RHB Alejandro Ramos
|
0-0: Ball 1-0: Ground out 4-3 (Groundball, 4M)
|
Bottom of the 3rd over - 0 runs, 0 hits, 1 error, 0 left on base; Detroit 2 - Richmond 6 |
TOP OF THE 4TH |
Detroit X-Wings batting - Pitching for Richmond Flairs : RHP Sandro Gonzáles
|
Batting: LHB Juan Jose Pineda
|
0-0: Foul Ball, location: 2F 0-1: Ball 1-1: Ball 2-1: Ball 3-1: Base on Balls
|
Pitching: RHP Brendan Green
|
|
Batting: RHB Raúl Flores
|
0-0: Ground out 4-3 (Groundball, 34D) Juan Jose Pineda to second
|
Batting: LHB Paul Alston
|
0-0: Ball 1-0: Called Strike 1-1: Swinging Strike 1-2: Ground out U3 (Groundball, 23) Juan Jose Pineda to third
|
Batting: RHB José Pérez
|
0-0: Ground out 1-3 (Groundball, 13)
|
Top of the 4th over - 0 runs, 0 hits, 0 errors, 1 left on base; Detroit 2 - Richmond 6 |
BOTTOM OF THE 4TH |
Richmond Flairs batting - Pitching for Detroit X-Wings : RHP Júlio Ruíz
|
Batting: RHB Lonson Seals
|
0-0: Called Strike 0-1: Ball 1-1: Called Strike 1-2: Ball 2-2: Ground out 4-3 (Groundball, 4)
|
Batting: RHB Jack Ray
|
0-0: Called Strike 0-1: Swinging Strike 0-2: Foul Ball, location: 2F 0-2: Ball 1-2: Foul Ball, location: 2F 1-2: Ball 2-2: DOUBLE (Line Drive, 7LD)
|
Batting: LHB Luis Villa
|
0-0: Ball 1-0: Called Strike 1-1: Foul Ball, location: 2F 1-2: Ball 2-2: Ground out 3-1 (Groundball, 34) Jack Ray to third
|
Batting: LHB Sean Nicks
|
0-0: Foul Ball, location: 2F 0-1: Ground out 4-3 (Groundball, 4)
|
Bottom of the 4th over - 0 runs, 1 hit, 0 errors, 1 left on base; Detroit 2 - Richmond 6 |
TOP OF THE 5TH |
Detroit X-Wings batting - Pitching for Richmond Flairs : RHP Brendan Green
|
Batting: RHB José Rosales
|
0-0: Ball 1-0: Ball 2-0: Called Strike 2-1: Ball 3-1: Called Strike 3-2: Strikes out looking
|
Batting: RHB Brad Ravenshaw
|
0-0: Ball 1-0: DOUBLE (Flyball, 8LXD)
|
Batting: SHB Jason Mason
|
0-0: Ball 1-0: Swinging Strike 1-1: Called Strike 1-2: SINGLE (Groundball, 34D) Brad Ravenshaw to third
|
Batting: RHB Griswold Coleman
|
0-0: Called Strike 0-1: Ball 1-1: Ball 2-1: Called Strike Jason Mason is caught stealing 2nd base 2-2: Ball 3-2: Strikes out looking
|
Top of the 5th over - 0 runs, 2 hits, 0 errors, 1 left on base; Detroit 2 - Richmond 6 |
BOTTOM OF THE 5TH |
Richmond Flairs batting - Pitching for Detroit X-Wings : RHP Júlio Ruíz
|
Batting: LHB Roland Jones
|
0-0: Ball 1-0: SINGLE (Line Drive, 9S)
|
Batting: RHB Miguel Hernández
|
0-0: Called Strike 0-1: Swinging Strike 0-2: Ball 1-2: Ball 2-2: Ball 3-2: Foul Ball, location: 2F 3-2: Base on Balls Roland Jones to second
|
Pitching: LHP Javier Duarte
|
|
Batting: LHB R.J. Courtney
|
0-0: Called Strike 0-1: Ball 1-1: Ball 2-1: SINGLE (Line Drive, 34) Roland Jones to third Miguel Hernández to second Runner from 3rd tries for Home, SAFE, no throw
|
Batting: RHB Christian Hudson
|
0-0: Ball 1-0: Ball 2-0: Ball 3-0: Base on Balls Miguel Hernández to third R.J. Courtney to second
|
Batting: RHB Alejandro Ramos
|
0-0: Fly out, F7 (Flyball, 78S) Runner from 3rd tags up, SCORES, throw made
|
Batting: RHB Lonson Seals
|
0-0: Ball 1-0: Called Strike 1-1: Ball 2-1: Ball 3-1: Base on Balls R.J. Courtney to third Christian Hudson to second
|
Batting: RHB Jack Ray
|
0-0: Called Strike 0-1: Ball 1-1: Fly out, F9 (Flyball, 9LM) Runner from 3rd tags up, SCORES, throw made
|
Batting: LHB Luis Villa
|
0-0: Fly out, F5 (Line Drive, 56)
|
Bottom of the 5th over - 3 runs, 2 hits, 0 errors, 2 left on base; Detroit 2 - Richmond 9 |
TOP OF THE 6TH |
Detroit X-Wings batting - Pitching for Richmond Flairs : RHP Brendan Green
|
Batting: SHB Barrett Bowden
|
0-0: Foul Ball, location: 2F 0-1: Foul Ball, location: 2F 0-2: Foul Ball, location: 2F 0-2: Foul Ball, location: 2F 0-2: Strikes out looking
|
Batting: LHB Juan Jose Pineda
|
0-0: Ball 1-0: Ball 2-0: Called Strike 2-1: Ball 3-1: Foul Ball, location: 2F 3-2: Strikes out swinging
|
Batting: RHB Raúl Flores
|
0-0: Swinging Strike 0-1: Swinging Strike 0-2: Foul Ball, location: 2F 0-2: Ball 1-2: Ball 2-2: Strikes out looking
|
Top of the 6th over - 0 runs, 0 hits, 0 errors, 0 left on base; Detroit 2 - Richmond 9 |
BOTTOM OF THE 6TH |
Richmond Flairs batting - Pitching for Detroit X-Wings : LHP Javier Duarte
|
Batting: LHB Sean Nicks
|
0-0: Called Strike 0-1: Foul Ball, location: 2F 0-2: Strikes out swinging
|
Batting: LHB Roland Jones
|
0-0: Called Strike 0-1: Foul Ball, location: 2F 0-2: Ball 1-2: Fly out, F7 (Flyball, 7LS)
|
Batting: RHB Miguel Hernández
|
0-0: Ground out 1-3 (Groundball, 13)
|
Bottom of the 6th over - 0 runs, 0 hits, 0 errors, 0 left on base; Detroit 2 - Richmond 9 |
TOP OF THE 7TH |
Detroit X-Wings batting - Pitching for Richmond Flairs : RHP Brendan Green
|
Pitching: RHP Alfonso Luna
|
|
Batting: LHB Paul Alston
|
0-0: Ball 1-0: Foul Ball, location: 2F 1-1: Ground out 5-3 (Groundball, 56)
|
Batting: RHB José Pérez
|
0-0: Called Strike 0-1: Called Strike 0-2: Ball 1-2: Foul Ball, location: 2F 1-2: Ground out 5-3 (Groundball, 25)
|
Batting: RHB José Rosales
|
0-0: Ball 1-0: Ball 2-0: Ball 3-0: Called Strike 3-1: Called Strike 3-2: Base on Balls
|
Batting: RHB Brad Ravenshaw
|
0-0: Ball 1-0: SINGLE (Groundball, 56D) José Rosales to second Runner from 2nd tries for 3rd, SAFE, throw made to third
|
Batting: SHB Jason Mason
|
0-0: Foul Ball, location: 2F 0-1: Called Strike 0-2: Ball 1-2: Strikes out swinging
|
Top of the 7th over - 0 runs, 1 hit, 0 errors, 2 left on base; Detroit 2 - Richmond 9 |
BOTTOM OF THE 7TH |
Richmond Flairs batting - Pitching for Detroit X-Wings : LHP Javier Duarte
|
Batting: LHB R.J. Courtney
|
0-0: Called Strike 0-1: Swinging Strike 0-2: Ball 1-2: SINGLE (Groundball, 4D)
|
Batting: RHB Christian Hudson
|
0-0: Called Strike 0-1: Ball 1-1: Ball 2-1: Ball 3-1: Foul Ball, location: 2F 3-2: Foul Ball, location: 2F 3-2: Fly out, F9 (Flyball, 89S)
|
Batting: RHB Alejandro Ramos
|
0-0: Called Strike 0-1: Swinging Strike 0-2: SINGLE (Line Drive, 56D) R.J. Courtney to second
|
Batting: RHB Lonson Seals
|
0-0: Foul Ball, location: 2F 0-1: Fly out, F8 (Flyball, 8RD)
|
Batting: RHB Jack Ray
|
0-0: Swinging Strike 0-1: Ball 1-1: Swinging Strike 1-2: Strikes out looking
|
Bottom of the 7th over - 0 runs, 2 hits, 0 errors, 2 left on base; Detroit 2 - Richmond 9 |
TOP OF THE 8TH |
Detroit X-Wings batting - Pitching for Richmond Flairs : RHP Alfonso Luna
|
Batting: RHB Griswold Coleman
|
0-0: Ball 1-0: Ball 2-0: Ball 3-0: Base on Balls
|
Batting: SHB Barrett Bowden
|
0-0: Called Strike 0-1: Swinging Strike 0-2: Ball 1-2: Fly out, F9 (Line Drive, 9)
|
Batting: LHB Juan Jose Pineda
|
0-0: Swinging Strike 0-1: Ball 1-1: Ball 2-1: Called Strike 2-2: Ball 3-2: Base on Balls Griswold Coleman to second
|
Batting: RHB Raúl Flores
|
0-0: SINGLE (Line Drive, 4D) Griswold Coleman to third Juan Jose Pineda to second Runner from 3rd tries for Home, SAFE, throw made home
|
Now in CF: Joe Courtier
|
|
Batting: LHB Paul Alston
|
0-0: Ball 1-0: Swinging Strike 1-1: Ball 2-1: Ball 3-1: Base on Balls Juan Jose Pineda to third Raúl Flores to second
|
Batting: RHB José Pérez
|
0-0: Ball 1-0: Foul Ball, location: 2F 1-1: Foul Ball, location: 2F 1-2: Foul Ball, location: 2F 1-2: Foul Ball, location: 2F 1-2: Ball 2-2: Foul Ball, location: 2F 2-2: Foul Ball, location: 2F 2-2: Strikes out looking
|
Batting: RHB José Rosales
|
0-0: Ball 1-0: Ball 2-0: Called Strike 2-1: Foul Ball, location: 2F 2-2: Strikes out swinging
|
Top of the 8th over - 1 run, 1 hit, 0 errors, 3 left on base; Detroit 3 - Richmond 9 |
BOTTOM OF THE 8TH |
Richmond Flairs batting - Pitching for Detroit X-Wings : LHP Javier Duarte
|
Pitching: LHP Richard Dorris
|
|
Batting: RHB Joe Courtier
|
0-0: SINGLE (Line Drive, 89S)
|
Pitching: LHP Clarence Skerratt
|
|
Batting: LHB Sean Nicks
|
0-0: Ball 1-0: Called Strike 1-1: Grounds into double play, 4-6-3 (Groundball, 4)
|
Batting: LHB Roland Jones
|
0-0: Ball 1-0: Ball 2-0: Fly out, F4 (Line Drive, 4MD)
|
Bottom of the 8th over - 0 runs, 1 hit, 0 errors, 0 left on base; Detroit 3 - Richmond 9 |
TOP OF THE 9TH |
Detroit X-Wings batting - Pitching for Richmond Flairs : RHP Alfonso Luna
|
Now at 1B: Iván De Jesús
|
|
Batting: RHB Brad Ravenshaw
|
0-0: Called Strike 0-1: Swinging Strike 0-2: Strikes out looking
|
Batting: SHB Jason Mason
|
0-0: Ball 1-0: Foul Ball, location: 2F 1-1: Foul Ball, location: 2F 1-2: Ball 2-2: Ball 3-2: Foul Ball, location: 2F 3-2: Base on Balls
|
Batting: RHB Griswold Coleman
|
0-0: Foul Ball, location: 2F 0-1: Swinging Strike 0-2: Strikes out looking
|
Batting: SHB Barrett Bowden
|
0-0: Called Strike 0-1: Foul Ball, location: 2F 0-2: Ball 1-2: Fielders Choice at 2nd, 5-4 (Groundball, 5L)
|
Top of the 9th over - 0 runs, 0 hits, 0 errors, 1 left on base; Detroit 3 - Richmond 9 |
|